 Dungeon Crawl Stone Soup version 0.26.1-11-gd32895ea62 (webtiles) character file.

Game seed: 733667482018108293

1956696 Garmo the Hoplite (level 27, 217/217 HPs)
             Began as a Merfolk Gladiator on May 30, 2021.
             Was the Champion of Hepliaklqana.
             Escaped with the Orb
             ... and 4 runes on June 1, 2021!
             The game lasted 06:51:44 (99553 turns).

Garmo the Hoplite (Merfolk Gladiator)              Turns: 99553, Time: 06:51:44

Health: 217/217    AC: 39    Str: 21    XL:     27
Magic:  33/33      EV: 29    Int:  8    God:    Hepliaklqana [******]
Gold:   4503       SH: 37    Dex: 24    Spells: 21/26 levels left

rFire    + + .     SeeInvis +   a - +9 demon trident (elec)
rCold    + . .     Faith    .   T - +3 tower shield {rC+}
rNeg     . . .     Spirit   +   r - +8 fire dragon scales
rPois    .         Reflect  .   y - +1 hat {Will+}
rElec    .         Harm     .   D - +2 cloak
rCorr    .         Rampage  .   s - +2 pair of gloves {Dex+3}
Will     +++..                  R - +0 pair of boots {Fly}
Stlth    ..........             q - brooch of Shielding {Spirit SH+8}
HPRegen  0.46/turn              k - +4 ring of protection
MPRegen  0.23/turn              o - ring of protection from cold

@: studying 2 skills
A: change form in water, swift swim, stealthy swim, reduced essence, antennae 1,
icy blue scales 1, see invisible, agile 1, blink, dopey 1
0: Orb of Zot
}: 4/15 runes: serpentine, barnacled, slimy, silver
a: Blink, Renounce Religion, Evoke Flight, Recall Ancestor, Ancestor Identity,
Transference, Idealise


You escaped.
You worshipped Hepliaklqana.
Hepliaklqana was exalted by your worship.
You visited 11 branches of the dungeon, and saw 55 of its levels.
You visited 1 bazaar.
You also visited: Bailey and Ice Cave.

You collected 8731 gold pieces.
You spent 4228 gold pieces at shops.

Inventory:

Hand Weapons
 a - a +9 demon trident of electrocution (weapon)
   (You took it off a red devil on level 1 of the Depths)
 b - a +9 hand crossbow of venom
   (You bought it in a shop on level 2 of the Orcish Mines)
 w - the +10 spear "Dragonslayer" {vamp, rPois Will++ Dex-2}
   (You bought it in a shop on level 2 of the Orcish Mines)

   It inflicts no extra harm, but heals its wielder when it wounds a living foe.
   It affects your dexterity (-2).
   It protects you from poison.
   It affects your willpower, your defense against some magical effects.
Missiles
 E - 9 throwing nets {!f}
 X - 2461 bolts
Armour
 r - +8 fire dragon scales (worn)
   (You found it on level 4 of the Depths)
 s - a +2 pair of gloves of dexterity (worn)
   (You acquired it on level 3 of the Elven Halls)
 y - a +1 hat of willpower (worn)
   (You found it on level 1 of the Depths)
 D - a +2 cloak (worn)
   (You found it on level 1 of the Vaults)
 R - a +0 pair of boots of flying (worn)
   (You found it on level 5 of the Vaults)
 T - a +3 tower shield of cold resistance (worn)
   (You found it on level 1 of the Depths)
Jewellery
 e - an uncursed ring of willpower
   (You found it on level 5 of the Dungeon)
 i - an uncursed ring of protection from fire
   (You took it off a spriggan defender on level 3 of the Depths)
 k - a +4 ring of protection (left hand)
   (You found it on level 10 of the Dungeon)
 o - a ring of protection from cold (right hand)
   (You took it off a deep elf elementalist on level 3 of the Elven Halls)
 q - the brooch of Shielding (around neck) {Spirit SH+8}
   (You bought it in a shop on level 2 of the Depths)

   [amulet of guardian spirit]

   It causes incoming damage to be split between your health and magic.
   It affects your SH (+8).
 z - an uncursed ring of see invisible
   (You found it on level 10 of the Dungeon)
 C - the ring of Eternal Night {Fire rElec rPois Str+4 Dex+3}
   (You found it on level 2 of the Depths)

   [ring of fire]

   It enhances your fire magic.
   It affects your strength (+4).
   It affects your dexterity (+3).
   It protects you from fire.
   It makes you vulnerable to cold.
   It insulates you from electricity.
   It protects you from poison.
 M - an uncursed ring of resist corrosion
   (You took it off a kobold on level 3 of the Dungeon)
Wands
 c - a wand of disintegration (17)
   (You found it on level 12 of the Dungeon)
 d - a wand of iceblast (76)
   (You took it off Maggie on level 6 of the Dungeon)
 u - a wand of paralysis (45)
   (You found it on level 6 of the Dungeon)
 v - a wand of digging (7)
   (You found it on level 15 of the Dungeon)
 x - a wand of acid (70) (quivered)
   (You found it on level 4 of the Lair of Beasts)
Scrolls
 g - 2 scrolls of silence
 l - 9 scrolls of fog
 t - 4 scrolls of vulnerability {!r}
 A - 26 scrolls of identify {@r1}
 B - 15 scrolls of teleportation {@r4}
 G - 20 scrolls of remove curse {@r2}
 H - a scroll of enchant weapon
 J - a scroll of summoning
 U - 6 scrolls of fear
 Y - a scroll of magic mapping
Potions
 f - 7 potions of brilliance
 j - 29 potions of curing {@q1}
 m - 7 potions of ambrosia
 n - 3 potions of cancellation
 p - 3 potions of mutation {!q}
 F - 3 potions of heal wounds {@q2}
 I - 3 potions of resistance
 K - 8 potions of lignification {!q}
 L - 3 potions of haste {@q3}
 P - a potion of magic
 Q - 5 potions of berserk rage
 S - a potion of might
Books
 N - a manual of Invocations {!d}
   (You acquired it on level 3 of the Elven Halls)
 W - a manual of Transmutations {!d}
   (You found it on level 3 of the Depths)
Miscellaneous
 Z - a phantom mirror
   (You found it on level 3 of the Elven Halls)


   Skills:
 - Level 25.0 Fighting
 - Level 1.0 Short Blades
 - Level 14.0 Polearms
 - Level 0.4(1.1) Slings
 - Level 10.0 Crossbows
 - Level 2.0(2.1) Throwing
 + Level 19.8 Armour
 - Level 22.0 Dodging
 - Level 25.0 Shields
 - Level 10.0 Hexes
 - Level 10.0 Translocations
 - Level 14.0 Invocations


You had 21 spell levels left.
You knew the following spells:

 Your Spells              Type           Power        Failure   Level
a - Blink                 Tloc           N/A          2%          2
d - Portal Projectile     Hex/Tloc       32%          4%          3

Your spell library contained the following spells:

 Spells                   Type           Power        Failure   Level
 Apportation              Tloc           32%          1%          1
 Corona                   Hex            17%          1%          1
 Slow                     Hex            16%          2%          2
 Confusing Touch          Hex            16%          4%          3
 Lesser Beckoning         Tloc           8%           4%          3
 Tukima's Dance           Hex            16%          4%          3
 Cause Fear               Hex            8%           14%         4
 Ensorcelled Hibernation  Hex/Ice        16%          17%         2
 Dazzling Flash           Conj/Hex       16%          34%         3
 Inner Flame              Hex/Fire       8%           34%         3
 Summon Guardian Golem    Hex/Summ       8%           34%         3
 Animate Skeleton         Necr           0%           65%         1
 Beastly Appendage        Tmut           0%           65%         1
 Foxfire                  Conj/Fire      0%           65%         1
 Freeze                   Ice            0%           65%         1
 Magic Dart               Conj           0%           65%         1
 Shock                    Conj/Air       0%           65%         1
 Sting                    Tmut/Pois      0%           65%         1
 Summon Small Mammal      Summ           0%           65%         1
 Fulminant Prism          Conj/Hex       4%           75%         4
 Iskenderun's Mystic Bla  Conj/Tloc      8%           75%         4
 Leda's Liquefaction      Hex/Erth       4%           75%         4
 Call Imp                 Summ           0%           80%         2
 Corpse Rot               Necr/Air       N/A          80%         2
 Poisonous Vapours        Pois/Air       0%           80%         2
 Searing Ray              Conj           0%           80%         2
 Sublimation of Blood     Necr           0%           80%         2
 Swiftness                Air            0%           80%         2
 Wereblood                Tmut           0%           80%         2
 Invisibility             Hex            16%          92%         6
 Call Canine Familiar     Summ           0%           95%         3
 Conjure Flame            Conj/Fire      0%           95%         3
 Frozen Ramparts          Ice            0%           95%         3
 Ignite Poison            Fire/Tmut/Pois 0%           95%         3
 Mephitic Cloud           Conj/Pois/Air  0%           95%         3
 Ozocubu's Armour         Ice            0%           95%         3
 Spider Form              Tmut/Pois      0%           95%         3
 Static Discharge         Conj/Air       0%           95%         3
 Metabolic Englaciation   Hex/Ice        4%           97%         5
 Silence                  Hex/Air        4%           97%         5
 Summon Forest            Summ/Tloc      4%           97%         5
 Summon Mana Viper        Hex/Summ       8%           97%         5
 Yara's Violent Unravell  Hex/Tmut       4%           97%         5
 Airstrike                Air            0%           100%        4
 Dispel Undead            Necr           0%           100%        4
 Ice Form                 Ice/Tmut       0%           100%        4
 Olgreb's Toxic Radiance  Pois           0%           100%        4
 Petrify                  Tmut/Erth      0%           100%        4
 Sticky Flame             Conj/Fire      0%           100%        4
 Summon Ice Beast         Ice/Summ       0%           100%        4
 Summon Lightning Spire   Summ/Air       0%           100%        4
 Agony                    Necr           0%           100%        5
 Alistair's Intoxication  Tmut/Pois      0%           100%        5
 Blade Hands              Tmut           0%           100%        5
 Bolt of Magma            Conj/Fire/Erth 0%           100%        5
 Borgnjor's Vile Clutch   Necr/Erth      0%           100%        5
 Excruciating Wounds      Necr           0%           100%        5
 Fireball                 Conj/Fire      0%           100%        5
 Irradiate                Conj/Tmut      0%           100%        5
 Iskenderun's Battlesphe  Conj           0%           100%        5
 Lightning Bolt           Conj/Air       0%           100%        5
 Summon Demon             Summ           0%           100%        5
 Eringya's Noxious Bog    Tmut/Pois      0%           100%        6
 Freezing Cloud           Conj/Ice/Air   0%           100%        6
 Iron Shot                Conj/Erth      0%           100%        6
 Ozocubu's Refrigeration  Ice            0%           100%        6
 Shadow Creatures         Summ           N/A          100%        6
 Simulacrum               Ice/Necr       0%           100%        6
 Starburst                Conj/Fire      0%           100%        6
 Orb of Destruction       Conj           0%           100%        7
 Spellforged Servitor     Conj/Summ      0%           100%        7
 Summon Hydra             Summ           0%           100%        7
 Discord                  Hex            8%           100%        8
 Ignition                 Fire           0%           100%        8


Dungeon Overview and Level Annotations

Branches:
Dungeon (15/15)            Temple (1/1) D:6            Lair (6/6) D:10
 Shoals (4/4) Lair:2        Snake (4/4) Lair:3        Slime (5/5) Lair:5
    Orc (2/2) D:12            Elf (3/3) Orc:2        Vaults (5/5) D:14
  Crypt (0/3) Vaults:3     Depths (5/5) D:15            Zot (5/5) Depths:5
 Bailey (visited)           IceCv (visited)

Altars:
Ashenzari
Cheibriados
Dithmenos
Elyvilon
Fedhas
Gozag
Hepliaklqana
Kikubaaqudgha
Makhleb
Nemelex Xobeh
Okawaru
Qazlal
Ru
Sif Muna
Trog
Uskayaw
Vehumet
Wu Jian
Xom
Yredelemnul
Zin
The Shining One
Beogh
Jiyva
Lugonu

Shops:
Orc:2 :(*(((:=*   Elf:3 *   Vaults:1 =   Vaults:3 =   Depths:2 ==}

Portals:
Hell: Depths:1 Depths:2 Depths:3 Depths:4 Depths:5
Abyss: Depths:4
Pandemonium: Depths:2 Depths:3 Depths:4 Depths:5
Ziggurat: Depths:4


Innate Abilities, Weirdness & Mutations

You revert to your normal form in water.
You are very nimble and swift while swimming.
You are very stealthy in the water. (Stealth+)
Your life essence is reduced to manifest your ancestor. (-10% HP)
You have a pair of small antennae on your head.
You are partially covered in icy blue scales. (AC +2)
You have supernaturally acute eyesight. (SInv)
You are agile. (Dex +2)
You can translocate small distances at will.
You are dopey. (Int -2)


Message History

Where to? (Enter - D:1 @ (x,y), ? - help)
You swap places.
An Orb Guardian comes into view.
You impale the Orb Guardian!!
Lightning courses through the Orb Guardian!!
Nhalahla gestures wildly while chanting.
Nhalahla seems to speed up.
You hit the Orb Guardian. You miss the Orb Guardian.
You block the Orb Guardian's attack.
You completely miss the Orb Guardian. You puncture the Orb Guardian!
You block the Orb Guardian's attack.
You closely miss the Orb Guardian.
Nhalahla hits the Orb Guardian but does no damage.
You catch the helpless Orb Guardian completely off-guard!
You puncture the Orb Guardian!
Lightning courses through the Orb Guardian!
You kill the Orb Guardian!
No target in view!
(D) Dungeon (T) Temple (L) Lair (A) Shoals (P) Snake Pit (M) Slime Pits (O) Orcish Mines (E) Elven Halls (V) Vaults (C) Crypt (U) Depths (H) Hell (Z) Zot
Where to? (Enter - D:1 @ (x,y), ? - help)
You see here a +0 flail.
Things that are here:
a +0 club; a +0 short sword You see here a +0 club.
Your extra speed is starting to run out.
Items here: )) [[.
You feel yourself slow down.
Things that are here:
a +0 leather armour; a +0 trident
(D) Dungeon (T) Temple (L) Lair (A) Shoals (P) Snake Pit (M) Slime Pits (O) Orcish Mines (E) Elven Halls (V) Vaults (C) Crypt (U) Depths (H) Hell (Z) Zot
Where to? (Enter - D:1 @ (x,y), ? - help)
There is a stone staircase leading up here.
You climb upwards.
There is a stone staircase leading down, spattered with blood here.
You swap places.
There is an open door here.
There is a stone staircase leading up here.
You climb upwards.
There is a stone staircase leading down here.
You swap places.
Nhalahla is no longer moving quickly.
There is an open door here.
There is a staircase leading out of the dungeon here.
You have escaped!

##..PP.♣P♣.P.#....###############
#....P..♣♣♣PP#....#P...P.
#.......♣..PP#....#.P♣.♣.
................#.#PP..P.
...........###).#.#.♣PPP.
........#### #....#.♣P.P.
#.......######....#.PP♣
#.................#.♣PP.P
#..............R@.#P♣♣P.P #####
#.................#♣...P♣ #....
#.................#.P.PPP #.###
♣##.####..........#♣.♣♣.. #.#
♣##.#..'........#.#.PP. ♣ #.#
....#.##........#.#..P♣.. #.#
#####.##♣.♣.......#P.P..P #.# #
#.# #.###.....#P.♣PP. #.# #####.#
♣.♣ #.....# ##### #.#


You could see the friendly Nhalahla the knight.

Vanquished Creatures
  the Royal Jelly (Slime:5)
  6 orbs of fire
  2 ancient liches (Zot:5)
  3 juggernauts
  Sojobo (Vaults:2)
  3 caustic shrikes (Depths:4)
  2 Killer Klowns (Zot:5)
  4 golden dragons
  A hellephant (Depths:3)
  2 electric golems (Zot:5)
  Jorgrun (Snake:2)
  7 tentacled monstrosities
  22 Orb Guardians
  Rupert (Lair:2)
  2 liches
  2 deep elf master archers (Elf:3)
  3 quicksilver dragons
  3 titans
  7 death cobs
  4 deep elf blademasters
  Polyphemus (Shoals:3)
  9 acid blobs
  2 krakens (Shoals:4)
  4 tengu reavers
  Frances (Shoals:2)
  4 sphinxes
  Kirke (Lair:6)
  7 shadow dragons
  5 azure jellies
  4 draconian monks
  A fenstrider witch (shapeshifter) (Depths:2)
  7 storm dragons
  7 nagarajas
  6 fire giants
  A draconian knight (Zot:4)
  4 deep elf sorcerers
  7 frost giants
  Louise (Elf:1)
  3 draconian scorchers
  Aizul (Elf:3)
  7 vault wardens
  An orc warlord (Vaults:3)
  A ghost moth (Zot:1)
  2 deep elf elementalists (Elf:3)
  A ghoul (Vaults:3)
  4 draconian stormcallers
  4 draconian shifters
  2 draconian annihilators (Zot:4)
  6 ironheart preservers
  A spriggan defender (Depths:3)
  17 very ugly things
  4 deep elf demonologists
  A stone giant (shapeshifter) (Vaults:5)
  15 stone giants
  Nessos (D:15)
  7 black draconians
  3 yellow draconians
  5 purple draconians
  5 green draconians
  6 white draconians
  7 deep elf annihilators
  A minotaur (D:14)
  An entropy weaver (Vaults:1)
  A spark wasp (Depths:2)
  5 red draconians
  15 ettins
  8 fire dragons
  An eleionoma (shapeshifter) (Depths:3)
  9 deep elf death magi
  2 merfolk impalers (Shoals:4)
  3 death oozes
  18 yaktaur captains
  3 merfolk javelineers
  A deep elf high priest (Elf:3)
  A fire dragon (shapeshifter) (Depths:2)
  6 ice dragons
  6 rakshasas
  7 great orbs of eyes
  10 naga warriors
  A hell beast (Depths:2)
  A boulder beetle (D:12)
  17 vault guards
  3 catoblepae
  8 hydras
  An alligator snapping turtle (Shoals:4)
  A spriggan air mage (Depths:3)
  An anaconda (shapeshifter) (Depths:3)
  Fannar (Orc:1)
  3 merfolk aquamancers
  A merfolk avatar (Shoals:1)
  6 centaur warriors
  17 anacondas
  29 two-headed ogres
  5 deep troll earth magi
  2 deep troll shamans
  2 orc high priests
  5 tengu warriors
  10 ogre magi
  A vampire mage (Vaults:3)
  Urug (Lair:1)
  3 death yaks
  2 spriggan berserkers (Depths:4)
  12 dancing weapons
  6 shock serpents
  A shock serpent (shapeshifter) (Vaults:3)
  16 naga sharpshooters
  The ghost of Louwo the Grappler, a novice TrFE (Lair:2)
  10 deep elf knights
  A hell knight (Depths:4)
  3 skeletal warriors
  A sun demon (Depths:5)
  10 sea snakes
  4 salamander mystics (Snake:4)
  An iron troll (Depths:1)
  A kraken simulacrum (Shoals:4)
  An unseen horror (D:11)
  12 deep elf archers
  A sea snake (shapeshifter) (Vaults:5)
  14 deep trolls
  An infernal demonspawn (Depths:5)
  A shadow demon (Depths:3)
  5 naga ritualists
  4 glowing orange brains
  5 phantasmal warriors
  2 wizards (Depths:1)
  5 lindwurms
  39 deep elf magi
  10 harpies
  11 orc knights
  10 ironbrand convokers
  13 mana vipers
  3 necromancers
  A stone giant zombie (Depths:2)
  2 wolf spiders
  A tengu skeleton (Depths:1)
  17 fauns
  42 ugly things
  2 cyclopes
  10 manticores
  4 orc sorcerers
  A salamander (shapeshifter) (Vaults:5)
  4 salamanders
  7 elephants (Lair:3)
  A spriggan zombie (Depths:1)
  7 merfolk sirens
  28 moths of wrath
  3 centaur zombies
  5 guardian serpents (Snake:4)
  3 rust devils
  3 water nymphs
  28 black mambas
  12 naga magi
  A stone giant skeleton (Depths:2)
  7 vault sentinels
  A centaur skeleton (D:13)
  2 gargoyles (D:15)
  3 torpor snails
  2 smoke demons (Depths:2)
  Maggie (D:6)
  An orange demon (Depths:3)
  16 cane toads
  A rime drake (Lair:6)
  9 komodo dragons
  A rime drake (shapeshifter) (Depths:4)
  38 yaktaurs
  3 hellwings
  2 ice devils
  5 freezing wraiths
  5 tengu conjurers
  13 merfolk
  6 trolls
  13 hornets
  2 meliai (D:15)
  3 tyrant leeches (Lair:6)
  3 polar bears
  4 wind drakes
  A polar bear (shapeshifter) (Vaults:1)
  A dream sheep (shapeshifter) (Vaults:5)
  65 slime creatures
  A sphinx simulacrum (Vaults:2)
  An ettin zombie (Depths:2)
  15 blink frogs
  Grinder (D:6)
  A meliai zombie (D:13)
  A fire giant simulacrum (Depths:2)
  5 dream sheep (Lair:4)
  A tarantella (shapeshifter) (D:14)
  An air elemental (Elf:3)
  5 snapping turtles
  A tarantella (Vaults:4)
  3 redbacks
  Sigmund (D:6)
  A wyvern (shapeshifter) (Depths:4)
  12 wyverns
  10 water elementals
  44 yaks
  A spriggan (shapeshifter) (Depths:2)
  7 wraiths
  3 vampires
  3 ynoxinuls
  2 fire bats (Depths:1)
  7 hogs
  A steam dragon (D:9)
  A golden eye (Slime:2)
  3 basilisks
  6 vampire mosquitoes
  7 wargs
  Edmund (D:5)
  An acid dragon (Vaults:2)
  19 water moccasins
  26 nagas
  A warg (shapeshifter) (Vaults:3)
  2 soldier ants
  A hell hound (Depths:2)
  23 orc warriors
  A phantom (D:4)
  6 black bears
  6 ice beasts
  3 eyes of draining
  A hornet zombie (D:14)
  2 sky beasts
  19 centaurs
  A tengu (shapeshifter) (Depths:3)
  6 wolves
  40 ogres
  A big kobold (D:2)
  An earth elemental (Elf:1)
  15 bullfrogs
  A human simulacrum (Vaults:2)
  4 killer bees (D:8)
  5 scorpions
  22 wights
  7 electric eels
  7 howler monkeys
  5 crimson imps
  A bullfrog zombie (D:6)
  A lava snake (D:14)
  8 hounds
  2 quasits
  4 jellies
  21 orc priests
  An iron imp (Depths:2)
  20 orc wizards
  Crazy Yiuf (D:2)
  Ijyb (D:3)
  Terence (D:3)
  6 iguanas
  10 worker ants
  2 worker ant zombies
  11 gnolls
  21 adders
  5 shadow imps
  13 white imps
  5 ufetubi
  An ooze (D:5)
  4 adder zombies
  2 worms
  4 dart slugs
  5 leopard geckos
  98 orcs
  2 ball pythons
  3 giant cockroaches
  12 goblins
  8 hobgoblins
  10 jackals
  15 kobolds
  3 quokkas
  11 bats
  7 frilled lizards
  A quokka skeleton (D:7)
  12 rats
  5 tentacles (Shoals:4)
1775 creatures vanquished.

Vanquished Creatures (collateral kills)
  Mara (Depths:1)
  2 ancient liches (Zot:5)
  A Killer Klown (Zot:4)
  Saint Roka (D:14)
  The ghost of Waig the Intangible, a veteran MfCj of Hepliaklqana (Depths:2)
  A caustic shrike (Depths:4)
  The ghost of Camaan the Warrior, an adept DgCj (Depths:3)
  3 golden dragons
  6 tentacled monstrosities
  An Ice Fiend (Depths:2)
  7 Orb Guardians (Zot:5)
  2 quicksilver dragons
  2 krakens (Shoals:4)
  3 titans (Vaults:5)
  2 liches (Vaults:5)
  8 acid blobs
  2 sphinxes
  2 death cobs (Zot:5)
  5 tengu reavers
  3 shadow dragons
  3 storm dragons
  The ghost of Axipewex the Grappler, a journeyman OgTm of Okawaru (D:14)
  5 azure jellies
  Roxanne (Snake:4)
  2 nagarajas (Snake:4)
  2 draconian knights
  A frost giant (Vaults:3)
  7 vault wardens
  2 deep elf sorcerers
  A draconian shifter (Zot:3)
  A draconian scorcher (Zot:3)
  3 draconian annihilators
  A deep elf elementalist (Elf:3)
  11 very ugly things
  A war gargoyle (Vaults:5)
  7 ironheart preservers
  A vampire knight (Depths:2)
  A green draconian (Zot:5)
  4 deep elf demonologists
  8 deep elf annihilators
  2 purple draconians
  2 black draconians
  14 stone giants
  An entropy weaver (Vaults:4)
  2 white draconians
  5 ettins
  5 red draconians
  3 death oozes
  3 yellow draconians
  A merfolk javelineer (Shoals:1)
  2 deep elf death magi (Elf:3)
  2 merfolk impalers (Shoals:4)
  5 fire dragons
  9 yaktaur captains
  4 deep elf high priests
  6 great orbs of eyes
  3 boulder beetles
  2 monstrous demonspawn
  A hydra (Lair:3)
  A juggernaut simulacrum (Depths:2)
  6 rakshasas
  12 vault guards
  A hell beast (Depths:2)
  2 merfolk avatars (Shoals:4)
  7 anacondas
  4 naga warriors
  3 death knights
  6 ice dragons
  3 centaur warriors
  A merfolk aquamancer (Shoals:4)
  4 spriggan air magi
  8 ogre magi
  10 dancing weapons
  A satyr (shapeshifter) (Vaults:5)
  A satyr (Shoals:4)
  4 deep troll shamans
  14 two-headed ogres
  2 deep troll earth magi
  A tengu warrior (Depths:4)
  A vampire mage (Depths:5)
  5 naga sharpshooters
  A shock serpent (shapeshifter) (Vaults:1)
  2 soul eaters
  A sun demon (Depths:2)
  13 deep elf knights
  3 shock serpents
  3 skeletal warriors (Depths:2)
  A shadow wraith (D:14)
  3 unseen horrors
  6 hell knights
  3 sea snakes
  2 iron trolls
  9 deep trolls
  An infernal demonspawn (Depths:5)
  A flayed ghost (Vaults:3)
  2 glowing orange brains
  A shadow demon (Depths:5)
  A salamander mystic (Snake:4)
  A naga ritualist (Snake:1)
  9 ironbrand convokers
  11 orc knights
  A lindwurm (Lair:5)
  5 harpies
  2 necromancers
  4 deep elf archers
  A phantasmal warrior (Vaults:5)
  2 mana vipers
  8 fauns
  31 deep elf magi
  An orb spider (shapeshifter) (Vaults:3)
  3 shining eyes (Slime:5)
  2 manticores
  A salamander (Snake:1)
  A cyclops (Vaults:1)
  An orc sorcerer (Vaults:3)
  12 ugly things
  3 moths of wrath
  2 ice statues (Depths:2)
  4 guardian serpents
  An eye of devastation (Slime:5)
  9 black mambas
  A merfolk siren (Shoals:2)
  A water nymph (Shoals:4)
  A centaur skeleton (D:15)
  7 naga magi
  7 vault sentinels
  4 elephants (Lair:3)
  2 torpor snails
  A cane toad (Lair:2)
  A hellion (Depths:3)
  2 rime drakes
  2 tormentors
  14 yaktaurs
  A redback zombie (D:15)
  2 komodo dragons
  5 freezing wraiths
  2 hellwings (Depths:1)
  2 ice devils
  2 spriggan skeletons
  4 red devils (Depths:1)
  3 hornets
  10 merfolk
  2 tengu conjurers
  A meliai (D:15)
  2 trolls
  A polar bear (Depths:2)
  5 blink frogs
  A meliai zombie (D:12)
  34 slime creatures
  3 snapping turtles
  7 yaks
  A redback (Vaults:4)
  4 water elementals
  A vampire (Vaults:3)
  A ynoxinul (Depths:2)
  2 wraiths (D:15)
  An air elemental (Elf:1)
  An ettin skeleton (Depths:2)
  A tarantella (shapeshifter) (Elf:2)
  A golden eye (Slime:2)
  3 wyverns (Lair:6)
  A yak (shapeshifter) (Vaults:5)
  A golden eye (shapeshifter) (Vaults:1)
  2 fire bats (Depths:1)
  3 wargs
  2 vampire mosquitoes
  12 nagas
  5 water moccasins
  2 hell hounds (Depths:1)
  17 orc warriors
  3 black bears
  2 eyes of draining
  4 ice beasts
  2 wolves
  An ogre (shapeshifter) (Depths:1)
  19 ogres
  4 centaurs
  A bullfrog (D:9)
  A howler monkey (D:12)
  A crimson imp (Depths:1)
  11 orc priests
  8 orc wizards
  A bullfrog skeleton (D:6)
  A worker ant (D:10)
  5 adders
  3 white imps
  33 orcs
  A butterfly (Lair:3)
  8 tentacles (Shoals:4)
754 creatures vanquished.

Vanquished Creatures (others)
  An Executioner (Depths:2)
  A draconian scorcher (Zot:3)
  A merfolk javelineer (D:14)
  3 yaktaur captains
  A centaur warrior (Vaults:1)
  4 deep elf archers
  An orc knight (Vaults:3)
  A faun (Shoals:4)
  3 yaktaurs
  A tengu conjurer (Depths:1)
  An air elemental (Elf:1)
  2 orc warriors
  A centaur (Vaults:4)
  An ogre (Vaults:1)
  An orc wizard (Elf:1)
  64 knights
  11 ancestors
  An orc (Elf:1)
  45 fungi
  225 plants
  16 tentacles (Shoals:4)
385 creatures vanquished.

Grand Total: 2914 creatures vanquished

Notes
Turn   | Place    | Note
-------+----------+-------------------------------------------
     0 | D:1      | Garmo the Merfolk Gladiator began the quest for the Orb.
     0 | D:1      | Reached XP level 1. HP: 16/16 MP: 1/1
   193 | D:1      | Reached XP level 2. HP: 20/22 MP: 2/2
   656 | D:1      | Reached skill level 5 in Polearms
   735 | D:1      | Reached XP level 3. HP: 27/28 MP: 3/3
  1734 | D:2      | Reached XP level 4. HP: 34/34 MP: 4/4
  1774 | D:2      | Found a runed translucent door.
  1775 | D:2      | Noticed Crazy Yiuf
  2399 | D:3      | Noticed Terence
  2426 | D:3      | Killed Terence
  2427 | D:3      | Reached XP level 5. HP: 33/39 MP: 5/5
  2501 | D:3      | Noticed Ijyb
  2670 | D:3      | Reached skill level 1 in Armour
  2670 | D:3      | Noticed a big kobold
  3127 | D:2      | Killed a big kobold
  3406 | D:3      | Reached XP level 6. HP: 46/46 MP: 6/6
  3441 | D:3      | Reached skill level 5 in Dodging
  3545 | D:3      | Killed Ijyb
  4885 | D:4      | Noticed a phantom
  5230 | D:5      | Entered Level 5 of the Dungeon
  5249 | D:5      | Reached XP level 7. HP: 48/52 MP: 7/7
  5741 | D:5      | Reached skill level 10 in Polearms
  5775 | D:5      | Reached skill level 1 in Shields
  6093 | D:5      | Reached XP level 8. HP: 59/59 MP: 8/8
  6282 | D:5      | Noticed Edmund
  6301 | D:5      | Killed Edmund
  6496 | D:4      | Found a glowing golden altar of the Shining One.
  7021 | D:6      | Found a staircase to the Ecumenical Temple.
  7052 | Temple   | Entered the Ecumenical Temple
  7171 | Temple   | Became a worshipper of Hepliaklqana the Forgotten
  7184 | D:6      | Noticed Maggie
  7486 | D:6      | Reached skill level 1 in Short Blades
  7628 | D:6      | Reached XP level 9. HP: 43/58 MP: 9/9
  7752 | D:6      | Found a shimmering blue altar of Sif Muna.
  7757 | D:6      | Found a radiant altar of Vehumet.
  7763 | D:6      | Found a burning altar of Makhleb.
  7796 | D:6      | Noticed Sigmund
  7821 | D:6      | Killed Sigmund
  7842 | D:6      | Noticed Grinder
  7917 | D:7      | Found a shimmering altar of Xom.
  8265 | D:7      | Reached * piety under Hepliaklqana
  8396 | D:7      | Reached skill level 5 in Fighting
  8910 | D:8      | Noticed a troll
  9213 | D:8      | Found an iron altar of Okawaru.
  9591 | D:8      | Noticed a two-headed ogre
  9700 | D:8      | Killed a two-headed ogre
  9938 | D:8      | Noticed a hornet
 10022 | D:7      | Killed a troll
 10023 | D:7      | Reached XP level 10. HP: 54/72 MP: 10/10
 10891 | D:8      | Found an iron altar of Okawaru.
 11119 | D:8      | Found an iron altar of Okawaru.
 11768 | D:9      | Reached ** piety under Hepliaklqana
 11769 | D:9      | Remembered your ancestor Nhalahla as a knight
 11996 | D:10     | Entered Level 10 of the Dungeon
 12074 | D:10     | Found a flagged portal.
 12084 | Bailey   | Entered a bailey
 12084 | Bailey   | Noticed an orc knight
 12084 | Bailey   | Noticed an orc knight
 12086 | Bailey   | Noticed an orc knight
 12281 | D:10     | Killed an unseen horror
 12282 | D:10     | Reached XP level 11. HP: 63/81 MP: 11/11
 12578 | D:10     | Reached skill level 10 in Fighting
 12631 | D:10     | Noticed a two-headed ogre
 12682 | D:10     | Killed a two-headed ogre
 12683 | D:10     | Reached skill level 5 in Armour
 12907 | D:10     | Reached skill level 10 in Dodging
 13121 | D:10     | Found a staircase to the Lair.
 13378 | D:11     | Noticed an unseen horror
 13385 | D:11     | Killed an unseen horror
 13491 | D:11     | Noticed a red ugly thing
 13662 | D:11     | Killed a red ugly thing
 13748 | D:11     | Reached *** piety under Hepliaklqana
 14394 | D:6      | Killed Maggie
 14444 | D:6      | Found a stormy altar of Qazlal.
 14517 | D:6      | Killed Grinder
 14689 | D:2      | Killed Crazy Yiuf
 14690 | D:2      | Reached XP level 12. HP: 91/91 MP: 12/12
 15062 | Lair:1   | Entered Level 1 of the Lair of Beasts
 15232 | Lair:1   | Noticed a six-headed hydra
 15251 | Lair:1   | Killed a six-headed hydra
 15565 | Lair:1   | Noticed Urug
 15589 | Lair:1   | Killed Urug
 15819 | Lair:2   | Found a transporter.
 15882 | Lair:2   | Noticed Louwo's ghost (novice TrFE)
 15882 | Lair:2   | Noticed a catoblepas
 15892 | Lair:2   | Found a staircase to the Shoals.
 16312 | Lair:2   | Found a frozen archway.
 16359 | IceCv    | Entered an ice cave
 16527 | Lair:2   | Found a transporter.
 16574 | Lair:2   | Reached XP level 13. HP: 91/100 MP: 10/13
 16667 | Lair:2   | Reached **** piety under Hepliaklqana
 16931 | Lair:3   | Found a staircase to the Snake Pit.
 16933 | Lair:3   | You fall into a shaft and drop 3 floors!
 16933 | Lair:6   | Entered Level 6 of the Lair of Beasts
 16956 | Lair:6   | Reached skill level 15 in Dodging
 17011 | Lair:5   | Found a runed translucent door.
 17011 | Lair:5   | Found a viscous altar of Jiyva.
 17546 | Lair:3   | Noticed Rupert
 18230 | Lair:2   | Reached skill level 15 in Fighting
 19209 | Lair:4   | Reached XP level 14. HP: 110/110 MP: 14/14
 19225 | Lair:4   | Reached ***** piety under Hepliaklqana
 19267 | Lair:4   | Reached skill level 1 in Invocations
 19547 | Lair:5   | Noticed an azure jelly
 19547 | Lair:5   | Noticed an azure jelly
 19548 | Lair:5   | Found a staircase to the Slime Pits.
 19745 | Lair:5   | Got a steaming glaive
 19751 | Lair:5   | Identified the +4 glaive of Bynwonuitt {venom, rF+} (You
                  | found it on level 5 of the Lair of Beasts)
 20256 | Lair:6   | Reached skill level 1 in Crossbows
 20364 | Lair:6   | Noticed Kirke
 20456 | Lair:6   | Killed Kirke
 21118 | Lair:6   | Reached skill level 5 in Invocations
 21145 | Lair:6   | Found a runed translucent door.
 22010 | Lair:6   | Got a dazzling scale mail
 22899 | Lair:6   | Identified the +2 scale mail "Oroygg" {+Blink rElec Str-2}
                  | (You found it on level 6 of the Lair of Beasts)
 23191 | D:12     | Reached XP level 15. HP: 108/118 MP: 19/19
 23685 | D:12     | Found a staircase to the Orcish Mines.
 24448 | Orc:1    | Entered Level 1 of the Orcish Mines
 24511 | Orc:1    | Noticed Fannar
 24526 | Orc:1    | Killed Fannar
 24757 | Orc:2    | Entered Level 2 of the Orcish Mines
 24768 | Orc:2    | Found Xiusudd's Antique Weapon Shoppe.
 24828 | Orc:2    | Bought a glowing trident for 156 gold pieces
 24943 | Orc:2    | Found Pipopn's General Store.
 24978 | Orc:2    | Bought a scroll of identify for 30 gold pieces
 25094 | Orc:2    | Found Qasedint's Book Shop.
 25109 | Orc:1    | Reached ****** piety under Hepliaklqana
 25214 | Orc:1    | Found a roughly hewn altar of Beogh.
 25414 | Orc:2    | Found Giumuxke's Antique Weapon Emporium.
 25414 | Orc:2    | Found Pial's Antique Weapon Boutique.
 25434 | Orc:2    | Bought a glowing hand crossbow for 227 gold pieces
 25485 | Orc:2    | Found a staircase to the Elven Halls.
 25531 | Orc:2    | Reached skill level 5 in Crossbows
 26008 | Orc:1    | Found a burning altar of Makhleb.
 26176 | Orc:2    | Found Dugip's General Store.
 26176 | Orc:2    | Found Efeujauv's Book Shop.
 26177 | Orc:2    | Found Roduicwu's Jewellery Shop.
 26177 | Orc:2    | Found Udempen's Antique Weapon Emporium.
 26219 | Orc:2    | Bought a scroll of fear for 59 gold pieces
 26220 | Orc:2    | Bought a cursed amulet of inaccuracy for 30 gold pieces
 26224 | Orc:2    | Bought a transparent spear for 208 gold pieces
 26278 | Orc:2    | Identified the +10 spear "Dragonslayer" {vamp, rPois Will++
                  | Dex-2} (You bought it in a shop on level 2 of the Orcish
                  | Mines)
 26320 | Orc:2    | Bought a manual of Fighting for 1324 gold pieces
 27058 | D:13     | Found a stormy altar of Qazlal.
 27432 | D:14     | Noticed Axipewex's ghost (journeyman OgTm)
 27433 | D:14     | Found a runed translucent gate.
 27433 | D:14     | Found a runed translucent gate.
 27433 | D:14     | Found a runed translucent gate.
 27434 | D:14     | Found an iron altar of Okawaru.
 27614 | D:14     | Reached XP level 16. HP: 123/126 MP: 22/22
 28041 | D:14     | Found a gate to the Vaults.
 28555 | D:15     | Entered Level 15 of the Dungeon
 28555 | D:15     | Noticed Nessos
 28825 | D:15     | Found a flickering gateway to a bazaar.
 28883 | Bazaar   | Entered a bazaar
 29002 | Bazaar   | Found Fipu's Jewellery Shop.
 29002 | Bazaar   | Found Udibb's Book Boutique.
 29059 | D:15     | Killed Nessos
 29216 | D:15     | Found a staircase to the Depths.
 29886 | Lair:2   | Killed Rupert
 29948 | Lair:2   | Reached skill level 10 in Invocations
 29970 | Lair:2   | Killed Louwo's ghost
 30334 | Snake:1  | Entered Level 1 of the Snake Pit
 31359 | Snake:1  | Got a brightly glowing chain mail
 31370 | Snake:1  | Identified the +4 chain mail "Zeuff" {+Blink rPois Will++
                  | Stlth+} (You found it on level 1 of the Snake Pit)
 31517 | Snake:1  | Noticed a nagaraja
 31532 | Snake:1  | Killed a nagaraja
 31533 | Snake:1  | Reached XP level 17. HP: 112/137 MP: 16/25
 32792 | Snake:2  | Noticed Jorgrun
 32812 | Snake:2  | Killed Jorgrun
 34687 | Snake:4  | Entered Level 4 of the Snake Pit
 34742 | Snake:4  | Reached skill level 10 in Armour
 36076 | Snake:4  | Reached XP level 18. HP: 130/147 MP: 23/27
 36451 | Snake:4  | Noticed Roxanne
 36484 | Snake:4  | Killed Roxanne
 38082 | Snake:4  | Reached skill level 10 in Crossbows
 38522 | Snake:4  | Got a serpentine rune of Zot
 38806 | Shoals:1 | Entered Level 1 of the Shoals
 39822 | Shoals:2 | Reached skill level 5 in Shields
 40005 | Shoals:2 | Noticed Frances
 40199 | Shoals:2 | Killed Frances
 40368 | Shoals:2 | Reached XP level 19. HP: 155/155 MP: 27/29
 40951 | Shoals:3 | Noticed Polyphemus
 41068 | Shoals:3 | Killed Polyphemus
 41838 | Shoals:4 | Entered Level 4 of the Shoals
 42187 | Shoals:4 | Got a barnacled rune of Zot
 42205 | Shoals:4 | Found a basalt altar of Yredelemnul.
 42472 | Shoals:4 | Identified the +3 short sword of the Distant Future
                  | {vorpal, *Rage MP+9 Dex+4 SInv}
 42570 | Shoals:4 | Found a blossoming altar of Fedhas.
 43161 | Shoals:4 | Got a crude bone ring
 43268 | Shoals:4 | Identified the ring of Xeff {*Contam rPois rF- Str+8 Int+6}
                  | (You found it on level 4 of the Shoals)
 43293 | Shoals:4 | Gained mutation: Your body sometimes deteriorates upon
                  | taking damage. [mutagenic glow]
 43489 | Shoals:4 | Reached skill level 10 in Shields
 43536 | Shoals:4 | Found the +3 sling "Punk" {acid, rCorr}
 44333 | Orc:2    | Bought an uncursed ring of ice for 375 gold pieces
 44534 | Vaults:1 | Entered Level 1 of the Vaults
 45191 | Vaults:1 | Noticed Saint Roka
 45238 | D:14     | Killed Saint Roka
 45239 | D:14     | Reached XP level 20. HP: 92/163 MP: 11/30
 46050 | Vaults:1 | Found Kurpha's Jewellery Shop.
 46089 | Vaults:1 | Got a ripped robe
 47356 | Vaults:2 | Noticed Sojobo
 47637 | Vaults:2 | Killed Sojobo
 48305 | Vaults:2 | Reached skill level 15 in Shields
 49396 | Vaults:2 | Reached XP level 21. HP: 170/170 MP: 31/31
 50707 | Vaults:3 | Found a staircase to the Crypt.
 51906 | Vaults:3 | Found Kynu's Jewellery Boutique.
 52505 | Vaults:3 | Found a roughly hewn altar of Beogh.
 52527 | Vaults:3 | Found a snail-covered altar of Cheibriados.
 52754 | Vaults:3 | Found a snail-covered altar of Cheibriados.
 52909 | Vaults:3 | Found a staircase to the Crypt.
 53233 | Vaults:3 | Found a roughly hewn altar of Beogh.
 53301 | Vaults:3 | Found Kynu's Jewellery Boutique.
 55116 | Vaults:4 | Got an encrusted leather armour
 55217 | Vaults:4 | Reached XP level 22. HP: 152/176 MP: 21/32
 55752 | Elf:1    | Entered Level 1 of the Elven Halls
 56281 | Elf:1    | Noticed Louise
 56308 | Elf:1    | Killed Louise
 57146 | Elf:2    | Got a polished scale mail
 57152 | Elf:2    | Found a runed translucent gate.
 57152 | Elf:2    | Found a runed translucent gate.
 57153 | Elf:2    | Found a runed translucent gate.
 58616 | Elf:3    | Entered Level 3 of the Elven Halls
 58673 | Elf:3    | Found Mittoeps's Assorted Antiques.
 58720 | Elf:3    | Bought a scroll labelled NOEWNE PEWU for 37 gold pieces
 58720 | Elf:3    | Identified a scroll of acquirement
 58721 | Elf:3    | Acquired a manual of Invocations
 58730 | Elf:3    | Noticed Aizul
 58766 | Elf:3    | Killed Aizul
 60615 | Elf:3    | Identified the +5 quarterstaff "Qykky" {drain, *Rage rN+
                  | Int+5}
 60743 | Elf:3    | Identified the +1 scale mail of the Vestibule of Hell
                  | {Str+3} (You found it on level 2 of the Elven Halls)
 60835 | Elf:3    | Reached XP level 23. HP: 179/182 MP: 30/33
 60879 | Elf:3    | Acquired a +2 pair of gloves of dexterity
 61021 | Elf:3    | Identified the cursed +1 quarterstaff "Iroemok" {freeze,
                  | +Rage rElec Will- Dex-5}
 62053 | Elf:3    | Got a heavily runed ring mail
 62058 | Elf:3    | Found the +4 dagger "Morg" {pain, Will+ Int+5}
 62161 | Elf:3    | Identified the Reference Book on the Poisonous Arsonist
 62233 | Elf:3    | Identified the +5 ring mail of the King of the Hill {rC-
                  | Str+2 Dex+7} (You found it on level 3 of the Elven Halls)
 62540 | Depths:1 | Entered Level 1 of the Depths
 62789 | Depths:1 | Found a gateway to Hell.
 63244 | Depths:1 | Noticed Mara
 63247 | Depths:1 | Noticed Garmo's illusion
 63325 | Depths:1 | Noticed Garmo's illusion
 63344 | Depths:1 | Killed Mara
 64773 | Depths:1 | Found the +3 robe of Clouds {+Thunder rCloud rElec}
 64822 | Depths:1 | Found a radiant altar of Vehumet.
 65700 | Depths:2 | Found a one-way gate leading to the halls of Pandemonium.
 65720 | Depths:2 | Noticed a juggernaut
 65721 | Depths:2 | Noticed Waig's ghost (veteran MfCj)
 65733 | Depths:2 | Got a clouded bone ring
 65747 | Depths:2 | Identified the ring of Eternal Night {Fire rElec rPois
                  | Str+4 Dex+3} (You found it on level 2 of the Depths)
 67719 | Depths:3 | You fall into a shaft and drop 2 floors!
 67719 | Depths:5 | Entered Level 5 of the Depths
 67719 | Depths:5 | Noticed a caustic shrike
 67720 | Depths:5 | Noticed a caustic shrike
 67720 | Depths:5 | Noticed a caustic shrike
 68638 | Depths:3 | Found a transporter.
 68638 | Depths:3 | Found a transporter.
 68648 | Depths:3 | Found a bloodstained altar of Trog.
 68648 | Depths:3 | Identified the +6 rapier of the Fray {vorpal, Str+4 Stlth+}
 68648 | Depths:3 | Noticed Camaan's ghost (adept DgCj)
 68649 | Depths:3 | Noticed a juggernaut
 68653 | Depths:3 | Identified the +7 rapier of the Fulmar {vorpal, *Drain
                  | Fragile Int+9}
 68785 | Depths:3 | Reached XP level 24. HP: 159/189 MP: 26/33
 69813 | D:14     | Killed Axipewex's ghost
 71216 | Depths:4 | Found a gateway to a ziggurat.
 71331 | Depths:4 | Got a bronze chain mail
 71401 | Depths:4 | Found a corrupted altar of Lugonu.
 71401 | Depths:4 | Found a one-way gate to the infinite horrors of the Abyss.
 71888 | Depths:4 | Noticed a juggernaut
 71943 | Depths:4 | Killed a juggernaut
 72014 | Depths:4 | Noticed a caustic shrike
 72083 | Depths:4 | Killed a caustic shrike
 73025 | Depths:4 | Identified the +5 chain mail of the Skies Above {rElec
                  | Int+3 Stlth+} (You found it on level 4 of the Depths)
 73267 | Depths:4 | Killed a caustic shrike
 73284 | Depths:4 | Killed a caustic shrike
 73285 | Depths:4 | Reached XP level 25. HP: 89/197 MP: 16/33
 74071 | Depths:5 | Found a gate to the Realm of Zot.
 76253 | Depths:2 | Found a runed translucent gate.
 76254 | Depths:2 | Found a runed translucent gate.
 76255 | Depths:2 | Found a runed translucent gate.
 76283 | Depths:2 | Found Ifepid's Gadget Shoppe.
 76284 | Depths:2 | Found Ygheoh's Jewellery Boutique.
 76284 | Depths:2 | Found Baeto's Jewellery Boutique.
 76292 | Depths:2 | Bought a wand of iceblast (7) for 143 gold pieces
 76292 | Depths:2 | Bought a wand of digging (2) for 156 gold pieces
 76294 | Depths:2 | Bought the brooch of Shielding {Spirit SH+8} for 831 gold
                  | pieces
 76294 | Depths:2 | Found the brooch of Shielding {Spirit SH+8}
 77050 | Slime:1  | Entered Level 1 of the Pits of Slime
 77297 | Lair:5   | Lost mutation: Your body sometimes deteriorates upon taking
                  | damage. [potion of mutation]
 77297 | Lair:5   | Gained mutation: You are dopey. (Int -2) [potion of
                  | mutation]
 77297 | Lair:5   | Gained mutation: You possess an exceptional clarity of
                  | mind. [potion of mutation]
 77297 | Lair:5   | Gained mutation: You are frail. (-10% HP) [potion of
                  | mutation]
 77297 | Lair:5   | Gained mutation: You are strong-willed. (Will+) [potion of
                  | mutation]
 77298 | Lair:5   | Lost mutation: You are dopey. (Int -2) [potion of mutation]
 77298 | Lair:5   | Lost mutation: You possess an exceptional clarity of mind.
                  | [potion of mutation]
 77298 | Lair:5   | Gained mutation: You do not regenerate when monsters are
                  | visible. [potion of mutation]
 77298 | Lair:5   | Gained mutation: You are partially covered in large bone
                  | plates. (SH +4) [potion of mutation]
 77299 | Lair:5   | Lost mutation: You do not regenerate when monsters are
                  | visible. [potion of mutation]
 77299 | Lair:5   | Lost mutation: You are strong-willed. (Will+) [potion of
                  | mutation]
 77299 | Lair:5   | Lost mutation: You are frail. (-10% HP) [potion of
                  | mutation]
 77299 | Lair:5   | Lost mutation: You are partially covered in large bone
                  | plates. (SH +4) [potion of mutation]
 77299 | Lair:5   | Gained mutation: You are agile. (Dex +2) [potion of
                  | mutation]
 77299 | Lair:5   | Gained mutation: You are robust. (+10% HP) [potion of
                  | mutation]
 77299 | Lair:5   | Gained mutation: You are very agile. (Dex +4) [potion of
                  | mutation]
 77684 | Slime:5  | Entered Level 5 of the Pits of Slime
 78046 | Slime:5  | Gained mutation: You are surrounded by a mild repulsion
                  | field. (EV +2) [a shining eye]
 78047 | Slime:5  | Gained mutation: Potions are less effective at restoring
                  | your health. [a shining eye]
 78177 | Slime:5  | Found a viscous altar of Jiyva.
 78178 | Slime:5  | Noticed the Royal Jelly
 78194 | Slime:5  | Killed the Royal Jelly
 78195 | Slime:5  | Reached XP level 26. HP: 195/231 MP: 29/33
 78601 | Slime:5  | Identified the Incunabulum of the Freezing Arsonist
 78608 | Slime:5  | Got a fading hunting sling
 78631 | Slime:5  | Got a slimy rune of Zot
 78648 | Slime:5  | Got a distressingly furry helmet
 78649 | Slime:5  | Identified the cursed +0 helmet of Xom's Favour {Harm rN+
                  | Dex+7 Stlth+} (You found it on level 5 of the Pits of
                  | Slime)
 78866 | Slime:5  | Learned a level 2 spell: Blink
 78870 | Slime:5  | Learned a level 3 spell: Portal Projectile
 79658 | Vaults:5 | Entered Level 5 of the Vaults
 79672 | Vaults:5 | Reached skill level 1 in Translocations
 79674 | Vaults:5 | Reached skill level 1 in Hexes
 80476 | Vaults:5 | Reached skill level 5 in Translocations
 80594 | Vaults:5 | Reached skill level 5 in Hexes
 80782 | Vaults:5 | Identified the +5 hand axe "Gatoatar" {protect, rPois MP+9}
 80846 | Vaults:5 | Noticed a juggernaut
 80846 | Vaults:5 | an acid blob changed into a juggernaut
 80856 | Vaults:5 | Noticed a shard shrike
 80856 | Vaults:5 | a juggernaut changed into a shard shrike
 80863 | Vaults:5 | a shard shrike changed into an acid blob
 81909 | Vaults:5 | Reached XP level 27. HP: 237/240 MP: 32/33
 82202 | Vaults:5 | Reached skill level 10 in Translocations
 82714 | Vaults:5 | Identified the Grimoire of the Glacial Volcanoes
 82850 | Vaults:5 | Identified the +3 ring mail "Uruwnog" {Str+3} (You found it
                  | on level 5 of the Vaults)
 82903 | Vaults:5 | Got a silver rune of Zot
 83886 | Zot:1    | Entered Level 1 of the Realm of Zot
 84178 | Zot:1    | Reached skill level 10 in Hexes
 85341 | Zot:2    | Got an ichor-stained leather armour
 85342 | Zot:2    | Identified the +1 leather armour of Dishonesty {Stlth+}
                  | (You found it on level 2 of the Realm of Zot)
 89165 | Zot:4    | Reached skill level 15 in Armour
 89570 | Zot:4    | Got a glimmering broad axe
 90207 | Zot:5    | Entered Level 5 of the Realm of Zot
 91600 | Zot:5    | Noticed an ancient lich
 92058 | Zot:5    | Killed an ancient lich
 92513 | Zot:5    | Noticed an ancient lich
 92521 | Zot:5    | Noticed an orb of fire
 92525 | Zot:5    | Noticed an orb of fire
 92553 | Zot:5    | Gained mutation: You are weak. (Str -2) [an orb of fire]
 92555 | Zot:4    | Lost mutation: You are robust. (+10% HP) [potion of
                  | mutation]
 92555 | Zot:4    | Lost mutation: You are very agile. (Dex +4) [potion of
                  | mutation]
 92555 | Zot:4    | Lost mutation: You are weak. (Str -2) [potion of mutation]
 92555 | Zot:4    | Gained mutation: Your flesh is cold resistant. (rC+)
                  | [potion of mutation]
 92556 | Zot:4    | Lost mutation: Potions are less effective at restoring your
                  | health. [potion of mutation]
 92556 | Zot:4    | Lost mutation: You are surrounded by a mild repulsion
                  | field. (EV +2) [potion of mutation]
 92556 | Zot:4    | Lost mutation: You are agile. (Dex +2) [potion of mutation]
 92556 | Zot:4    | Lost mutation: Your flesh is cold resistant. (rC+) [potion
                  | of mutation]
 92556 | Zot:4    | Gained mutation: You have an increased reservoir of magic.
                  | (+10% MP) [potion of mutation]
 92556 | Zot:4    | Lost mutation: You have an increased reservoir of magic.
                  | (+10% MP) [potion of mutation]
 92556 | Zot:4    | Gained mutation: Your movements are slightly less
                  | encumbered by armour. (ER -2) [potion of mutation]
 92556 | Zot:4    | Gained mutation: You are agile. (Dex +2) [potion of
                  | mutation]
 92622 | Zot:5    | Killed an orb of fire
 92707 | Zot:5    | Killed an ancient lich
 92761 | Zot:5    | Noticed an orb of fire
 92762 | Zot:5    | Gained mutation: You are frail. (-10% HP) [an orb of fire]
 92764 | Zot:5    | Gained mutation: You do not regenerate when monsters are
                  | visible. [an orb of fire]
 92769 | Zot:5    | Gained mutation: You occasionally shout uncontrollably at
                  | your foes. [an orb of fire]
 92798 | Zot:4    | Gained mutation: Potions are less effective at restoring
                  | your health. [an orb of fire]
 93165 | Zot:3    | Lost mutation: Your movements are slightly less encumbered
                  | by armour. (ER -2) [potion of mutation]
 93165 | Zot:3    | Lost mutation: You occasionally shout uncontrollably at
                  | your foes. [potion of mutation]
 93165 | Zot:3    | Gained mutation: You are weak. (Str -2) [potion of
                  | mutation]
 93165 | Zot:3    | Gained mutation: You are very agile. (Dex +4) [potion of
                  | mutation]
 93166 | Zot:3    | Lost mutation: You are weak. (Str -2) [potion of mutation]
 93166 | Zot:3    | Lost mutation: You are frail. (-10% HP) [potion of
                  | mutation]
 93166 | Zot:3    | Lost mutation: Potions are less effective at restoring your
                  | health. [potion of mutation]
 93166 | Zot:3    | Gained mutation: Scrolls take you a little longer to read.
                  | [potion of mutation]
 93166 | Zot:3    | Gained mutation: You possess an exceptional clarity of
                  | mind. [potion of mutation]
 93166 | Zot:3    | Gained mutation: You evolve. [potion of mutation]
 93167 | Zot:3    | Lost mutation: You do not regenerate when monsters are
                  | visible. [potion of mutation]
 93167 | Zot:3    | Lost mutation: Scrolls take you a little longer to read.
                  | [potion of mutation]
 93167 | Zot:3    | Gained mutation: You occasionally shout uncontrollably at
                  | your foes. [potion of mutation]
 93167 | Zot:3    | Lost mutation: You possess an exceptional clarity of mind.
                  | [potion of mutation]
 93167 | Zot:3    | Gained mutation: You are robust. (+10% HP) [potion of
                  | mutation]
 93379 | Zot:4    | Gained mutation: You are weak. (Str -2) [an orb of fire]
 93397 | Zot:4    | Killed an orb of fire
 93663 | Zot:5    | Got a heavily runed chain mail
 93664 | Zot:5    | Identified the +2 chain mail of Jeofiof {Rampage *Slow rF-
                  | Str+5} (You found it on level 5 of the Realm of Zot)
 93949 | Zot:5    | Noticed an ancient lich
 93972 | Zot:5    | Killed an ancient lich
 94000 | Zot:5    | Noticed an orb of fire
 94020 | Zot:5    | Gained mutation: You sometimes yell uncontrollably at your
                  | foes. [an orb of fire]
 94034 | Zot:5    | Gained mutation: You are occasionally teleported next to
                  | monsters. [an orb of fire]
 94042 | Zot:5    | Gained mutation: Potions are less effective at restoring
                  | your health. [an orb of fire]
 94234 | Zot:4    | Lost mutation: You are occasionally teleported next to
                  | monsters. [potion of mutation]
 94234 | Zot:4    | Lost mutation: You are very agile. (Dex +4) [potion of
                  | mutation]
 94234 | Zot:4    | Lost mutation: You are weak. (Str -2) [potion of mutation]
 94234 | Zot:4    | Lost mutation: You evolve. [potion of mutation]
 94234 | Zot:4    | Gained mutation: You are somewhat resistant to further
                  | mutation. [potion of mutation]
 94364 | Zot:5    | Gained mutation: You tend to lose your temper in combat.
                  | [an orb of fire]
 94370 | Zot:5    | Lost mutation: You are robust. (+10% HP) [an orb of fire]
 94390 | Zot:5    | Killed an orb of fire
 94580 | Zot:5    | Noticed an orb of fire
 94600 | Zot:5    | Killed an orb of fire
 94744 | Zot:5    | Noticed an orb of fire
 94787 | Zot:5    | Gained mutation: Scrolls take you a little longer to read.
                  | [an orb of fire]
 94803 | Zot:5    | Killed an orb of fire
 95094 | Zot:4    | Lost mutation: Scrolls take you a little longer to read.
                  | [potion of mutation]
 95094 | Zot:4    | Lost mutation: You sometimes yell uncontrollably at your
                  | foes. [potion of mutation]
 95388 | Zot:5    | Noticed an ancient lich
 95389 | Zot:5    | Noticed an orb of fire
 95783 | Zot:5    | Gained mutation: You have a pair of small antennae on your
                  | head. [an orb of fire]
 95785 | Zot:5    | Killed an orb of fire
 96195 | Zot:5    | Killed an ancient lich
 97070 | Zot:5    | Lost mutation: You occasionally shout uncontrollably at
                  | your foes. [potion of mutation]
 97071 | Zot:5    | Lost mutation: You are somewhat resistant to further
                  | mutation. [potion of mutation]
 97071 | Zot:5    | Lost mutation: You tend to lose your temper in combat.
                  | [potion of mutation]
 97071 | Zot:5    | Lost mutation: Potions are less effective at restoring your
                  | health. [potion of mutation]
 97071 | Zot:5    | Gained mutation: You have supernaturally acute eyesight.
                  | (SInv) [potion of mutation]
 97071 | Zot:5    | Gained mutation: You are partially covered in icy blue
                  | scales. (AC +2) [potion of mutation]
 97071 | Zot:5    | Gained mutation: You are dopey. (Int -2) [potion of
                  | mutation]
 97071 | Zot:5    | Gained mutation: You can translocate small distances at
                  | will. [potion of mutation]
 97358 | Depths:2 | Killed a juggernaut
 97379 | Depths:2 | Killed Waig's ghost
 97529 | Depths:2 | Got an ichor-stained quarterstaff
 97536 | Depths:2 | Identified the +0 quarterstaff "Demonslayer" {protect,
                  | MP+9} (You found it on level 2 of the Depths)
 97733 | Orc:2    | Bought a scroll of enchant armour for 112 gold pieces
 97733 | Orc:2    | Bought a wand of paralysis (9) for 165 gold pieces
 97733 | Orc:2    | Bought a potion of mutation for 120 gold pieces
 97733 | Orc:2    | Bought a wand of iceblast (13) for 255 gold pieces
 98229 | Depths:3 | Killed a juggernaut
 98279 | Depths:3 | Killed Camaan's ghost
 98798 | Zot:5    | Got the Orb of Zot
 99205 | D:15     | Noticed a seraph
 99321 | D:8      | Noticed a seraph
 99375 | D:5      | Noticed a seraph
 99444 | D:4      | Noticed Hoyrch the pandemonium lord
 99553 | D:$      | Escaped with the Orb!

Illustrated notes

Levels and vault maps discovered:
D:1:      minmay_arrival_arboretum_small, layout_basic, serial_forest,
          infiniplex_forest_join, infiniplex_forest_lined_1,
          infiniplex_forest_clump_double, infiniplex_forest_lined_4_way,
          infiniplex_forest_straight_4, infiniplex_forest_straight_2,
          infiniplex_forest_end_double, infiniplex_forest_straight_2,
          infiniplex_forest_end_1
D:2:      layout_basic, uniq_crazy_yiuf_cottage
D:3:      cheibrodos_thug_alley, layout_basic, amcnicky_mini_corridor_feature,
          uniq_ijyb, uniq_terence
D:4:      layout_basic, nicolae_tso_swordbearing_angel, chequers_garden
D:5:      layout_basic, uniq_edmund
D:6:      layout_cave_pools, general_overflow_altar,
          minmay_overflow_temple_star_quad, minmay_temple_entry_gardened_gates,
          uniq_grinder, uniq_sigmund, uniq_maggie
D:7:      layout_basic, basic_altar, nicolae_benzene_ring
D:8:      layout_loops_ring, overflow_temple_1_default,
          amcnicky_mini_pool_medium
D:9:      layout_rooms
D:10:     layout_loops_corners, david_lair_shrubbed, enter_bailey_2
D:11:     layout_loops_ring
D:12:     layout_cave_pods, orc_0_dummy
D:13:     layout_basic, nicolae_qazlal_style_of_elements
D:14:     layout_rooms, david_vaults_4, gammafunk_ghost_fury_of_okawaru,
          kennysheep_flooded_box
D:15:     hangedman_depths_entry_civil_slaughter, layout_gridville,
          minmay_misc_feat_tower, serial_shops, bzr_entry_gold, uniq_nessos
Temple:   lightli_temple_of_artemis
Lair:1:   layout_roguey, beast_lair_carwin_1, serial_bayou_shore_b, uniq_urug
Lair:2:   layout_long_grid, elwin_shoals_entry_stream,
          portal_ice_cave_entry_imps, nzn_ghost_randoct
Lair:3:   layout_gridlike, minmay_snake_entry_six_corridors,
          infiniplex_staircase_pool, lemuel_fruit_fields, serial_bayou_shore_b,
          uniq_rupert
Lair:4:   layout_hall_layers, chequers_serial_rivers_small_a,
          lemuel_fruit_fields, infiniplex_staircase_pool_2, serial_bayou_shore_b
Lair:5:   layout_regular_city, slime_altar_2, minmay_stone_trees_small,
          patterned_corridor
Lair:6:   wormcave, layout_loops_ring, hangedman_lair_tendril_chambers,
          chequers_serial_rivers_large_b, uniq_kirke
Shoals:1: layout_shoals, nicolae_shoals_stone_sculpture_thing
Shoals:2: layout_shoals, uniq_frances
Shoals:3: layout_shoals, nicolae_shoals_so_close, uniq_polyphemus
Shoals:4: shoals_end_grunt_ice, layout_shoals, hangedman_feature_mirror,
          nicolae_shoals_kraken_party
Snake:1:  layout_layer_cave, grunt_megastairs_2, lemuel_fruit_tree
Snake:2:  layout_misc_corridors, grunt_megastairs_4, serial_bayou_shore_a,
          uniq_jorgrun
Snake:3:  layout_rooms
Snake:4:  snake_pit_salamanders_mu, layout_misc_corridors, grunt_ministairs_13,
          nicolae_large_snake_swirl, uniq_roxanne
Slime:1:  layout_caves, nicolae_slime_barrier
Slime:2:  layout_caves
Slime:3:  layout_caves
Slime:4:  layout_caves
Slime:5
Orc:1:    layout_diamond_mine, basic_altar, minmay_orc_temple_b, uniq_fannar
Orc:2:    st_orc_ogre_mass, layout_diamond_mine, serial_shops, shop,
          nicolae_shop_statue_plus, shop, shop, nicolae_shop_overgrown_old_shop,
          nicolae_orc_crystal_geode
Elf:1:    eino_elf_arrival_shootout, layout_geoelf_octagon,
          hangedman_elf_represent, uniq_louise
Elf:2:    layout_onion_city
Elf:3:    grunt_elf_hall_spiral, layout_onion_city, serial_glass,
          glass_columns_b, glass_columns_a, serial_shops, nicolae_shop_trees,
          uniq_aizul
Vaults:1: nicolae_vaults_alarming, ontoclasm_vaults_claustrophobia,
          nicolae_vaults_disjoint_gnomons, v_misc_5,
          nicolae_vaults_puzzle_piece, v_alt_pattern_2,
          hangedman_vaults_corner_blocks, nicolae_vaults_mini_display_case,
          hangedman_vaults_impose, ontoclasm_vaults_idyll,
          nicolae_vaults_circle_grid_a, hangedman_vaults_corner_blocks,
          vaults_dpeg_hooks, nicolae_vaults_diagonal_hallway_6,
          layout_vaults_omnicross, serial_shops,
          nicolae_shop_temple_entry_statues_fountains, uniq_saint_roka
Vaults:2: vaults_room_boxed, nicolae_vaults_fighting_squares,
          dpeg_vaults_monster_box, v_pattern_1, vaults_dpeg_diagonal,
          hangedman_vaults_stagger, ontoclasm_vaults_tryst, vaults_room_corners,
          nicolae_vaults_ring_of_whatevers, layout_vaults_ring, uniq_sojobo
Vaults:3: minmay_crypt_entry_vampire_xt, v_misc_31, special_room_vaults
          [special_room_orc], v_rooms_6, hangedman_vaults_trim,
          nicolae_vaults_windows_and_doors_thing, vaults_room_corners,
          vaults_dpeg_ring, layout_vaults_omnigrid, serial_shops, shop,
          basic_altar
Vaults:4: v_misc_16, nicolae_vaults_disjoint_gnomons, vaults_room_pools,
          v_misc_26, hangedman_vaults_trim, nicolae_vaults_network_quinsquares
          [nicolae_vaults_network_quincunx_subvault,
          nicolae_vaults_network_quincunx_subvault,
          nicolae_vaults_network_quincunx_subvault,
          nicolae_vaults_network_quincunx_subvault], serial_ice_g,
          grunt_vaults_hallway_short, nicolae_vaults_little_squares_2,
          grunt_vaults_hallway_short, layout_vaults_big_room
Vaults:5
Depths:1: layout_honeycomb, hellmouth_3, nrook_uturn, grunt_tower_of_power,
          kennysheep_random_hallway, uniq_mara
Depths:2: evilmike_marble_ring, layout_honeycomb, grunt_mini_vestibule,
          gammafunk_ghost_split, grunt_pan_entry_spiral,
          minmay_misc_feat_plants, ice2_lemuel, minmay_shop_grove
Depths:3: minmay_the_grid_octo_2x2 [minmay_the_grid_octo_thin_diamonds,
          minmay_the_grid_octo_checkered, minmay_the_grid_octo_fan_narrow,
          minmay_the_grid_octo_prize_single_spiral], layout_honeycomb,
          serial_sigils_hangedman_stare, rand_demon_pan_entry_7, hell_entry,
          gammafunk_ghost_wrathful_warriors
Depths:4: nzn_winding_woodlands_medium [nzn_winding_woodlands_5x5_closed_star,
          nzn_winding_woodlands_5x15_garden,
          nzn_winding_woodlands_5x5_perimeter,
          nzn_winding_woodlands_5x5_open_star,
          nzn_winding_woodlands_center_pierced_h,
          nzn_winding_woodlands_5x5_checkerboard,
          nzn_winding_woodlands_5x5_cross, nzn_winding_woodlands_5x15_cabin,
          nzn_winding_woodlands_5x5_three], layout_gridlike, enter_ziggurat_a,
          pan_entry, serial_sigils, serial_sigils_hangedman_confine,
          serial_sigils_hangedman_scar, serial_sigils_hangedman_shear,
          serial_sigils_hangedman_snap, grunt_hell_entry_dis_old,
          abyss_entry_flame_altar, glass_columns_b
Depths:5: grunt_zot_entry_alcove, layout_cave_pools, hangedman_coc_ice_floe,
          pan_entry, hex_tiny
Zot:1:    layout_cathedral_of_symmetry
Zot:2:    kennysheep_blocky_hall, layout_basic
Zot:3:    layout_gridlike
Zot:4:    layout_gridlike, grunt_ministairs_9, st_small_dragon_hoard_2
Zot:5:    layout_basic

Skill      XL: |  1  2  3  4  5  6  7  8  9 10 11 12 13 14 15 16 17 18 19 20 21 22 23 24 25 26 27 |
---------------+----------------------------------------------------------------------------------+-----
Polearms       | 5 6 7 9 10 12 14 | 14.0
Armour         | 1 2 4 5 6 8 9 10 11 19 | 19.8
Dodging        | 5 6 9 12 14 17 18 21 22 | 22.0
Fighting       | 3 4 8 9 11 13 15 16 17 19 20 21 22 24 25 | 25.0
Shields        | 1 3 4 6 11 16 19 21 24 25 | 25.0
Short Blades   | 1 |  1.0
Invocations    | 6 8 10 12 13 14 | 14.0
Crossbows      | 3 6 7 9 10 | 10.0
Translocations | 9 10 | 10.0
Hexes          | 8 10 | 10.0
Slings         | |  0.4
Throwing       | |  2.0

Action                   |  1- 3 |  4- 6 |  7- 9 | 10-12 | 13-15 | 16-18 | 19-21 | 22-24 | 25-27 || total
-------------------------+-------+-------+-------+-------+-------+-------+-------+-------+-------++-------
Melee: Trident           |    89 |   250 |   418 |   919 |  1700 |       |       |       |       ||  3376
       Dagger            |       |       |    11 |       |       |       |       |       |       ||    11
       Spear             |       |       |       |       |   173 |  2410 |  3221 |  3301 |  2397 || 11502
       Tailslap          |       |       |       |       |       |    17 |    37 |       |    11 ||    65
       Demon trident     |       |       |       |       |       |       |       |    66 |  1508 ||  1574
 Fire: Hunting sling     |       |       |    11 |    12 |       |       |       |       |       ||    23
       Hand crossbow     |       |       |       |       |       |       |     9 |     3 |     3 ||    15
Throw: Stone             |    64 |    47 |       |       |       |       |       |       |       ||   111
       Throwing net      |     1 |     1 |       |       |       |       |       |       |     1 ||     3
       Dart              |       |    20 |    31 |       |     2 |       |     4 |       |       ||    57
 Cast: Portal Projectile |       |       |       |       |       |       |       |       |     8 ||     8
       Blink             |       |       |       |       |       |       |       |       |     1 ||     1
Invok: Recall Ancestor   |       |       |     2 |     2 |     2 |       |     4 |     1 |    12 ||    23
       Ancestor Life: Kn |       |       |       |     1 |       |       |       |       |       ||     1
       Idealise          |       |       |       |       |       |       |       |     1 |     7 ||     8
 Abil: Stop Flying       |       |       |       |       |       |       |       |       |     1 ||     1
Evoke: Wand              |       |       |       |       |     3 |       |     2 |     4 |     4 ||    13
       Phantom mirror    |       |       |       |       |       |       |       |       |     1 ||     1
  Use: Scroll            |       |       |     8 |    11 |    13 |     6 |     3 |    18 |    39 ||    98
       Potion            |       |       |       |       |     4 |     3 |       |     1 |    29 ||    37
 Stab: Held in net/web   |     1 |       |       |       |       |       |       |       |       ||     1
       Sleeping          |     1 |     1 |       |       |       |       |       |       |       ||     2
       Distracted        |       |     1 |     1 |     2 |    12 |    17 |    30 |    36 |    60 ||   159
       Petrified         |       |       |       |       |       |       |     1 |       |       ||     1
Armor: Leather armour    |    12 |     5 |       |       |       |       |       |       |       ||    17
       Scale mail        |       |    51 |    70 |       |       |       |       |       |       ||   121
       Plate armour      |       |       |     5 |       |       |       |       |       |       ||     5
       Troll leather arm |       |       |       |    50 |       |       |       |       |       ||    50
       Swamp dragon scal |       |       |       |    41 |   245 |   314 |   365 |       |       ||   965
       Storm dragon scal |       |       |       |       |       |       |    10 |   455 |       ||   465
       Fire dragon scale |       |       |       |       |       |       |       |    33 |   274 ||   307
Dodge: Dodged            |    37 |   119 |   133 |   312 |  1036 |  1238 |  1001 |   614 |   883 ||  5373
Block: Buckler           |       |       |    54 |   107 |   272 |   303 |    53 |       |       ||   789
       Kite shield       |       |       |       |       |       |       |   751 |       |       ||   751
       Tower shield      |       |       |       |       |       |       |   224 |  1977 |  2690 ||  4891
